 Dungeon Crawl Stone Soup version 0.30-a0-149-g7f746667c4 (webtiles) character file.

Game seed: 12409183532911695574

6337 themarg the Thaumaturge (level 11, -11/75 HPs)
             Began as a Djinni Fire Elementalist on Sept 27, 2022.
             Was a Believer of Ashenzari.
             Mangled by a six-headed hydra (12 damage)
             ... on level 8 of the Dungeon.
             The game lasted 00:47:40 (11802 turns).

themarg the Thaumaturge (Djinni Fire Elementalist) Turns: 11802, Time: 00:47:41

Health: -11/75     AC:  2    Str:  7    XL:     11   Next: 16%
Gold:   430        EV: 14    Int: 22    God:    Ashenzari [**....] SH:  0 Dex: 18

rFire   + + +      SeeInvis +    A - +6 rapier of the Perceptive Sun {drain, Fly rF+, Self, Cun} (curse)
rCold   x . .      Faith    .    (no shield)
rNeg    + . .      Spirit   .    q - +0 robe of Ashenzari's Black Moon {rN+ Dex+5 Stlth+, Self, Range} (curse)
rPois   ∞          Reflect  .    (no helmet)
rElec   .          Harm     .    (no cloak)
rCorr   .          Rampage  .    (no gloves)
Will    +....                    (boots unavailable)
Stlth   ++++......               (no amulet)
HPRegen 0.22/turn                c - ring "Pantheism of Ashenzari" {Wiz, Melee, Cun} (curse)
MPRegen 0.00/turn                (no ring)

@: flying, hasted, very quick
A: sickness immunity, fire resistance 2, cold vulnerability 1, float, innate
caster, HP casting, extra vitality 1
a: Renounce Religion, Curse Item, Shatter the Chains


You were on level 8 of the Dungeon.
You worshipped Ashenzari.
Ashenzari was pleased with you.
You visited 1 branch of the dungeon, and saw 8 of its levels.
You also visited: Sewer and Ossuary.

You collected 430 gold pieces.

Inventory:

Hand Weapons
 A - the cursed +6 rapier of the Perceptive Sun (weapon) {drain, Fly rF+, Self, Cun}
   (You found it in a sewer)

   A truly terrible weapon, it drains the life of any living foe it strikes.
   rF:        It protects you from fire.
   Fly:       It grants you flight.
   It has a curse which improves the following skills: Introspection: Fighting
   and Spellcasting.
   Cunning:   Dodging and Stealth.
Missiles
 B - 6 poisoned darts
 E - a curare-tipped dart
Armour
 q - the cursed +0 robe of Ashenzari's Black Moon (worn) {rN+ Dex+5 Stlth+, Self, Range}
   (You found it on level 4 of the Dungeon)

   Dex:       It affects your dexterity (+5).
   rN:        It protects you from negative energy.
   Stlth:     It makes you more stealthy.
   It has a curse which improves the following skills: Introspection: Fighting
   and Spellcasting.
   Ranged Combat: Ranged Weapons and Throwing.
Magical Staves
 p - a staff of conjuration
Jewellery
 c - the cursed ring "Pantheism of Ashenzari" (left hand) {Wiz, Melee, Cun}
   (You found it on level 1 of the Dungeon)

   [ring of wizardry]

   It improves your spell success rate.
   It has a curse which improves the following skills: Melee Combat: Short
   Blades, Long Blades, Axes, Maces & Flails, Polearms, Staves and Unarmed
   Combat.
   Cunning:   Dodging and Stealth.
 j - the ring "Ukkiety" {Will+ Str+4 Dex+6}
   (You found it on level 8 of the Dungeon)

   [ring of dexterity]

   Str:       It affects your strength (+4).
   Dex:       It affects your dexterity (+6).
   Will:      It increases your willpower.
 s - a ring of willpower
Wands
 a - a wand of roots (11)
 t - a wand of mindburst (14)
 u - a wand of flame (60)
Scrolls
 d - 2 scrolls of immolation
 g - 4 scrolls of butterflies
 h - 7 scrolls of teleportation
 i - 4 scrolls of amnesia
 n - a scroll of fear
 o - a scroll of magic mapping
 v - 3 scrolls of enchant weapon
 w - a scroll of silence
 x - a scroll of noise
 y - a scroll of enchant armour
Potions
 b - 7 potions of curing
 e - 2 potions of ambrosia
 f - a potion of heal wounds
 k - 4 potions of might
 l - 2 potions of resistance
 m - 2 potions of mutation
 r - 5 potions of cancellation
 C - 3 potions of brilliance
 D - a potion of magic
 F - 2 potions of invisibility
 G - a potion of berserk rage


   Skills:
 - Level 3.4(5.1) Fighting
 - Level 3.3(5.0) Dodging
 - Level 3.0(4.6) Stealth
 + Level 12.1(13.9) Spellcasting


You had 10 spell levels left.
You knew the following spells:

 Your Spells              Type           Power      Damage    Failure   Level
a - Foxfire               Conj/Fire      100%       2x1d9     0%          1
b - Scorch                Fire           100%       2d10      0%          2
c - Kindle Blastsparks    Fire/Tloc/Air  100%       2d18      1%          3
d - Inner Flame           Hex/Fire       67%        N/A       1%          3
e - Flame Wave            Conj/Fire      67%        2d15      1%          4
f - Sting                 Tmut/Pois      100%       1d8       0%          1
g - Static Discharge      Conj/Air       100%       2-7/arc   0%          2
h - Stone Arrow           Conj/Erth      100%       3d13      1%          3
i - Vampiric Draining     Necr           67%        2d10      1%          3
j - Freezing Cloud        Conj/Ice/Air   33%        6-21      1%          5
Your spell library was empty.

Dungeon Overview and Level Annotations

Branches:
Dungeon (8/15)             Temple (0/1) D:4           Sewer (visited)
Ossuary (visited)
   Lair: D:8-11

Altars:
Ashenzari
Elyvilon
Gozag
Hepliaklqana
Makhleb
Nemelex Xobeh
Okawaru
Uskayaw

Shops:
D:2 :   D:6 =


Innate Abilities, Weirdness & Mutations

You are immune to sickness and miasma.
You are immune to poison.
Your flesh is very heat resistant. (rF++)
You are vulnerable to cold. (rC-)
You float through the air rather than walking.
You learn spells naturally, not from books.
Your magical power is your life essence.
You have superior vitality. (+4 MHP)


Message History

You are knocked back by the blast.
You hear a loud, deep croak!
You hear a shout! x2
Casting: Kindle Blastsparks (safe; 1% risk of failure)
Confirm with . or Enter, or press ? or * to list all spells.
Flames lash the six-headed hydra.
Flame seeps out of the six-headed hydra.
The six-headed hydra is heavily wounded.
The six-headed hydra's fire resistance burns away.
The six-headed hydra is engulfed in blazing flames.
Flame seeps out of the six-headed hydra.
The six-headed hydra attacks as you move away!
The six-headed hydra bites you!
* * * LOW HITPOINT WARNING * * *
The six-headed hydra misses you. The six-headed hydra bites you!
* * * LOW HITPOINT WARNING * * *
The six-headed hydra barely misses you.
The six-headed hydra closely misses you.
The six-headed hydra barely misses you.
Okay, then.
You feel much better. The six-headed hydra bites you. x2
The six-headed hydra bites you!
* * * LOW HITPOINT WARNING * * *
The six-headed hydra bites you.
* * * LOW HITPOINT WARNING * * *
The six-headed hydra closely misses you.
The six-headed hydra bites you!
* * * LOW HITPOINT WARNING * * *
You feel much better. The six-headed hydra barely misses you.
The six-headed hydra bites you but does no damage.
The six-headed hydra bites you!
* * * LOW HITPOINT WARNING * * *
The six-headed hydra bites you but does no damage.
The six-headed hydra bites you!
* * * LOW HITPOINT WARNING * * *
The six-headed hydra barely misses you.
You feel yourself speed up. The six-headed hydra misses you.
The six-headed hydra bites you.
* * * LOW HITPOINT WARNING * * *
The six-headed hydra bites you!
You die...

, ,,#####.# #.# #.# # ** *
#.....# #.# #.# # * *
#.######### #.# #.# #
#.....# #.# #.# # , ,*
*#.####.# #.# #.# # , * #.#
#.# #.# ,, , , ###.# #.#
#.# , * #
*##...######.####.#
#####.##.#@#.#........#.#
........FD...)......#.#.##
###..F#############......##
...♣.*, * **#........ *
.,♣.*, ,, * , #..[#..## ,
,♣ * ,, , #.#.#..## , , ,
,,,* #.#.#..## * *, * ,
*#.#....## * * *** ** *
#.#<##.#.


You could see a six-headed hydra (inner flame, combustible) and 2 bullfrogs.

Vanquished Creatures
  Amaemon (D:8)
  An orange demon (D:7)
  Psyche (D:8)
  A troll (D:8)
  Grinder (Sewer)
  5 yaks (D:6)
  2 steam dragons
  3 water moccasins
  2 sky beasts
  2 black bears
  An orc warrior (D:8)
  4 ogres
  3 centaurs
  2 kobold brigands (Sewer)
  4 bullfrogs
  4 necrophages
  A wyvern zombie (D:6)
  2 scorpions (D:4)
  9 water moccasin zombies
  4 wights
  A howler monkey (D:8)
  A jelly (D:5)
  A bullfrog zombie (D:6)
  A quasit (Sewer)
  A centaur zombie (D:6)
  5 hounds
  A human zombie (D:6)
  3 iron imps (D:5)
  3 iguanas
  7 orc wizards
  A killer bee zombie (D:6)
  3 mummies
  A howler monkey zombie (D:6)
  8 gnolls
  3 adders
  2 shadow imps
  A white imp (D:7)
  4 ufetubi
  6 adder zombies
  2 worms
  2 dart slugs
  11 orcs
  4 endoplasms
  4 giant cockroaches
  3 gnoll zombies (Ossuary)
  10 goblins
  5 hobgoblins
  5 jackals
  4 quokkas
  5 ball pythons
  9 bats
  3 frilled lizards (D:2)
  3 hobgoblin zombies (Ossuary)
  15 kobolds
  5 kobold zombies
  6 orc zombies (Ossuary)
  2 quokka zombies (D:6)
  6 rats
210 creatures vanquished.

Vanquished Creatures (others)
  An endoplasm (Sewer)
  218 foxfires
219 creatures vanquished.

Grand Total: 429 creatures vanquished

Notes
Turn   | Place    | Note
-------+----------+-------------------------------------------
     0 | D:1      | themarg the Djinni Fire Elementalist began the quest for
                  | the Orb.
     0 | D:1      | themarg set off with the following spells memorised:
                  | Foxfire, Scorch, Kindle Blastsparks, Inner Flame, Flame
                  | Wave.
     0 | D:1      | Reached XP level 1. HP: 15/15 MP: 0/0
   284 | D:1      | Reached XP level 2. HP: 19/21 MP: 0/0
   479 | D:1      | Found a faded altar of an unknown god.
  1215 | D:2      | Reached XP level 3. HP: 23/25 MP: 0/0
  1215 | D:2      | Learned a level 1 spell: Sting
  1322 | D:2      | Found a sparkling altar of Nemelex Xobeh.
  1428 | D:2      | Found Zicuvish's Book Boutique.
  2278 | D:2      | Reached skill level 3 in Spellcasting
  2282 | D:2      | Reached XP level 4. HP: 18/31 MP: 0/0
  3586 | D:3      | Reached XP level 5. HP: 6/35 MP: 0/0
  3586 | D:3      | Learned a level 2 spell: Static Discharge
  3896 | D:4      | Noticed a black bear
  3901 | D:4      | Killed a black bear
  3902 | D:4      | Reached skill level 4 in Spellcasting
  3902 | D:4      | Reached XP level 6. HP: 28/40 MP: 0/0
  4017 | D:4      | Identified the +0 robe "Xata" {rN+ Dex+5 Stlth+}
  4200 | D:4      | Reached skill level 5 in Spellcasting
  4331 | D:4      | Found an opulent altar of Gozag.
  4360 | D:4      | Found a broken altar of Ashenzari.
  4371 | D:4      | Became a worshipper of Ashenzari the Shackled
  4398 | D:4      | Reached XP level 7. HP: 43/45 MP: 0/0
  4398 | D:4      | Learned a level 3 spell: Stone Arrow
  4456 | D:4      | Found a staircase to the Ecumenical Temple.
  4867 | D:5      | Entered Level 5 of the Dungeon
  5071 | D:5      | Found a glowing drain.
  5075 | Sewer    | Entered a sewer
  5399 | Sewer    | Found a burning altar of Makhleb.
  5546 | Sewer    | Reached skill level 6 in Spellcasting
  5622 | Sewer    | Noticed Grinder
  5670 | Sewer    | Killed Grinder
  5671 | Sewer    | Reached XP level 8. HP: 47/50 MP: 0/0
  5712 | Sewer    | Identified the +6 rapier of the Moth {drain, Fly rF+}
  5994 | D:5      | Reached skill level 7 in Spellcasting
  6454 | D:5      | Reached * piety under Ashenzari
  6666 | D:5      | Found a burning altar of Makhleb.
  7233 | D:6      | Reached skill level 8 in Spellcasting
  7233 | D:6      | Reached XP level 9. HP: 48/55 MP: 0/0
  7233 | D:6      | Learned a level 3 spell: Vampiric Draining
  7265 | D:6      | Found a sand-covered staircase.
  7272 | Ossuary  | Entered an ossuary
  7282 | Ossuary  | Reached ** piety under Ashenzari
  7386 | Ossuary  | Reached skill level 1 in Fighting
  8350 | D:6      | Found Vapnas's Jewellery Shoppe.
  8422 | D:6      | Found a hide-covered altar of Uskayaw.
  8481 | D:6      | Found a hazy altar of Hepliaklqana.
  8516 | D:6      | Found a white marble altar of Elyvilon.
  8553 | D:6      | Reached skill level 9 in Spellcasting
  8607 | D:6      | Reached XP level 10. HP: 60/70 MP: 0/0
  8734 | D:6      | Reached skill level 10 in Spellcasting
 10569 | D:8      | Noticed an orange demon
 10570 | D:8      | Noticed Amaemon
 10575 | D:7      | Killed an orange demon
 10576 | D:7      | Reached skill level 11 in Spellcasting
 10754 | D:8      | Noticed Psyche
 10763 | D:8      | Killed Psyche
 10964 | D:8      | Found an iron altar of Okawaru.
 11161 | D:8      | Killed Amaemon
 11162 | D:8      | Reached XP level 11. HP: 15/75 MP: 0/0
 11162 | D:8      | Learned a level 5 spell: Freezing Cloud
 11523 | D:8      | Reached skill level 12 in Spellcasting
 11776 | D:8      | Identified the ring "Ukkiety" {Will+ Str+4 Dex+6}
 11794 | D:8      | Noticed a six-headed hydra
 11800 | D:8      | HP: 1/75 [six-headed hydra (7)]
 11802 | D:8      | Mangled by a six-headed hydra

Illustrated notes

Levels and vault maps discovered:
D:1:      dpeg_arrival_tiny_g, layout_basic,
          shapermc_ecumenical_altar_starsandcircs
D:2:      layout_loops_ring, serial_shops, nicolae_shop_stone, basic_altar,
          minmay_goblin_outpost
D:3:      layout_loops_ring, grunt_ministairs_2
D:4:      layout_gridville, mainiacjoe_overflow_tiny_flanked,
          lemuel_doored_altar, temple_statues, skrybe_limestone_x
D:5:      layout_basic, demons_altar, gup_sewer_entry_bowl
D:6:      layout_basic, elyvilon_altar_4, kennysheep_mini,
          lemuel_mausoleum_altar_kikubaaqudgha, nzn_hepliaklqana_mist_gate,
          enter_ossuary_4, serial_shops, shop
D:7:      layout_basic, minmay_liquid_box
D:8:      nzn_winding_woodlands_medium [nzn_winding_woodlands_5x5_cross,
          nzn_winding_woodlands_5x15_crooked,
          nzn_winding_woodlands_5x5_checkerboard,
          nzn_winding_woodlands_hourglass,
          nzn_winding_woodlands_center_diamonds,
          nzn_winding_woodlands_5x5_three,
          nzn_winding_woodlands_5x5_closed_star,
          nzn_winding_woodlands_5x15_parted,
          nzn_winding_woodlands_5x5_open_star], layout_loops_ring,
          okawaru_trees_2, nicolae_ru_the_path_less_chosen,
          gammafunk_temple_overflow_pools, serial_glass, glass_columns_c,
          glass_columns_c, uniq_joseph, uniq_psyche, uniq_amaemon

Skill      XL: |  1  2  3  4  5  6  7  8  9 10 11 |
---------------+----------------------------------+-----
Stealth        | 2 3 |  3.0
Spellcasting   | 3 4 5 6 8 9 11 12 | 12.1
Fighting       | 3 |  3.4
Dodging        | 3 |  3.3

Action                   |  1- 3 |  4- 6 |  7- 9 | 10-12 || total
-------------------------+-------+-------+-------+-------++-------
Melee: Dagger            |       |       |     1 |       ||     1
       Rapier            |       |       |    14 |       ||    14
 Cast: Foxfire           |    47 |    15 |    47 |    31 ||   140
       Scorch            |    16 |    17 |    60 |    42 ||   135
       Inner Flame       |       |     5 |    23 |    17 ||    45
       Stone Arrow       |       |       |     9 |       ||     9
       Flame Wave        |       |       |     8 |    14 ||    22
       Kindle Blastspark |       |       |     4 |    13 ||    17
       Sting             |       |       |       |     1 ||     1
Invok: Curse Item        |       |       |     3 |       ||     3
Evoke: Wand              |       |       |       |     1 ||     1
  Use: Scroll            |       |       |     5 |     1 ||     6
       Potion            |       |       |     1 |     4 ||     5
 Stab: Sleeping          |       |       |     2 |       ||     2
Armor: Robe              |     1 |       |     8 |     9 ||    18
Dodge: Dodged            |     4 |       |    35 |    36 ||    75

Table legend: (Time is in decaauts)
 A = Elapsed time spent in this place.
 B = Non-inter-level travel time spent in this place.
 C = Inter-level travel time spent in this place.
 D = Time resting spent in this place.
 E = Time spent auto-exploring this place.
 F = Levels seen in this place.
 G = Mean time per level.
                   A        B        C        D        E       F      G
               +--------+--------+--------+--------+--------+-----+--------+
         Total |  11806 |  11439 |    367 |   4620 |   4922 |  10 | 1180.6 |
       Dungeon |  10466 |  10099 |    367 |   3771 |   4858 |   8 | 1308.2 |
         Sewer |    759 |    759 |      0 |    431 |     64 |   1 |  759.0 |
       Ossuary |    579 |    579 |      0 |    418 |      0 |   1 |  579.0 |
               +--------+--------+--------+--------+--------+-----+--------+

Top non-repeatable levels by time:
     D:6: 1827 daAuts
     D:3: 1519 daAuts
     D:7: 1372 daAuts
     D:5: 1305 daAuts
     D:2: 1289 daAuts
     D:4: 1212 daAuts
     D:1: 1142 daAuts
     D:8: 798 daAuts
   Sewer: 759 daAuts
 Ossuary: 579 daAuts
